 Dungeon Crawl Stone Soup version 0.30.0-15-g856e2d3f33 (webtiles) character file.

Game seed: 2978214175273470040

101 meatpath the Trooper (level 4, -1/30 HPs)
             Began as a Gargoyle Fighter on May 19, 2023.
             Slain by a river rat (7 damage)
             ... in a sewer.
             The game lasted 00:04:02 (1757 turns).

meatpath the Trooper (Gargoyle Fighter)             Turns: 1757, Time: 00:04:02

Health: -1/30      AC: 11    Str: 21    XL:     4   Next: 75%
Magic:  4/4        EV:  9    Int:  9    God:
Gold:   147        SH:  4    Dex:  9    Spells: 3/3 levels left

rFire   . . .        a - +0 flail
rCold   . . .        c - +0 buckler
rNeg    + . .        b - +0 scale mail
rPois   ∞            (no helmet)
rElec   +            (no cloak)
rCorr   .            h - +0 pair of gloves
SInv    .            (no boots)
Will    .....        (no amulet) Stlth
                     (no ring)
HPRegen 0.25/turn    (no ring)
MPRegen 0.09/turn

%: no passive effects
@: very slow
A: sickness immunity, AC +3, negative energy resistance 1, electricity
resistance, torment resistance 1, petrification resistance
a: no special abilities


You were in a sewer.
You visited 1 branch of the dungeon, and saw 3 of its levels.
You also visited: Sewer.

You collected 147 gold pieces.

Inventory:

Hand Weapons
 a - a +0 flail (weapon)
Missiles
 o - a throwing net (quivered)
Armour
 b - a +0 scale mail (worn)
 c - a +0 buckler (worn)
 h - a +0 pair of gloves (worn)
Scrolls
 f - a scroll of magic mapping
 i - a scroll of teleportation {unknown}
 l - a scroll of blinking {unknown}
 m - a scroll of silence {unknown}
 p - a scroll of poison
 q - a scroll of brand weapon {unknown}
 r - a scroll of enchant armour {unknown}
Potions
 d - a potion of might
 e - 3 potions of curing {unknown}
 g - a potion of invisibility {unknown}
 j - 3 potions of mutation {unknown}
 k - a potion of attraction {unknown}
 n - a potion of cancellation {unknown}
 s - 2 potions of ambrosia {unknown}


   Skills:
 + Level 4.3 Fighting
 + Level 3.1 Maces & Flails
 - Level 3.2 Armour
 + Level 4.3 Shields


You had 3 spell levels left.
You didn't know any spells.
Your spell library contained the following spells:

 Spells                   Type           Power      Damage    Failure   Level
 Sting                    Tmut/Pois      0%         1d3       80%         1
 Wereblood                Tmut           0%         N/A       90%         2
 Petrify                  Tmut/Erth      0%         N/A       100%        4
 Irradiate                Conj/Tmut      0%         3d11      100%        5
 Summon Hydra             Summ           0%         N/A       100%        7
 Sublimation of Blood     Necr           Unusable   N/A       N/A         2

Dungeon Overview and Level Annotations

Branches:
Dungeon (3/15)              Sewer (1/1)

Altars:

Annotations:
D:2 1 runed translucent door, Crazy Yiuf


Innate Abilities, Weirdness & Mutations

You are immune to sickness and miasma.
Your stone body is resilient. (AC +3)
You are immune to poison.
You resist negative energy. (rN+)
You are resistant to electric shocks. (rElec)
You are resistant to unholy torment.
You are immune to petrification.


Message History

Moving in this stuff is going to be slow.
A river rat comes into view.
The river rat moves out of view. 2 river rats come into view.
You enter the shallow water.
Moving in this stuff is going to be slow.
Your unstable footing causes you to fumble your attack.
The river rat barely misses you.
Your unstable footing causes you to fumble your attack.
The river rat twitches its whiskers.
The river rat bites you but does no damage.
You hit the river rat.
The river rat is moderately wounded.
The river rat closely misses you.
The river rat bites you but does no damage.
Your unstable footing causes you to fumble your attack.
The river rat bites you. The river rat barely misses you.
You hit the river rat.
The river rat is almost dead.
The river rat bites you. The river rat closely misses you.
You block the river rat's attack. The river rat bites you!
Your unstable footing causes you to fumble your attack.
The river rat bites you but does no damage.
The river rat bites you.
You are too injured to fight recklessly!
The river rat attacks as you move away! You block the river rat's attack.
The river rat bites you!
* * * LOW HITPOINT WARNING * * *
The river rat bites you but does no damage.
The river rat attacks as you move away! The river rat barely misses you.
You enter the shallow water.
Moving in this stuff is going to be slow.
Your unstable footing causes you to fumble your attack.
The river rat closely misses you. You block the river rat's attack.
The river rat attacks as you move away! You block the river rat's attack.
The river rat attacks as you move away! The river rat barely misses you.
You block the river rat's attack. The river rat attacks as you move away!
The river rat closely misses you. The river rat barely misses you.
The river rat bites you!
You die...

#####
###~~.###
#~..~.~.#
##.†~....##
#~.~###~..#
##~~##
##@~##
#~~~# #rr.#
#~~## ##~.#
#†.# #~~#
#∩∩# +..#
#..# #~~#
#.~# #~~#
#~.~ ~.~#
##..# #~~##


You could see 2 river rats.

Vanquished Creatures
  A river rat (Sewer)
  4 adders
  4 dart slugs
  5 ball pythons
  4 bats
  4 endoplasms
  5 giant cockroaches
  4 goblins
  4 hobgoblins
  2 quokkas (D:1)
  A frilled lizard (D:2)
  4 kobolds
  8 rats
50 creatures vanquished.

Notes
Turn   | Place    | Note
-------+----------+-------------------------------------------
     0 | D:1      | meatpath the Gargoyle Fighter began the quest for the Orb.
     0 | D:1      | Reached XP level 1. HP: 14/14 MP: 1/1
   114 | D:1      | Found a faded altar of an unknown god.
   128 | D:1      | Reached XP level 2. HP: 19/19 MP: 2/2
   131 | D:1      | Got Plato's Vademecum on Putridity
   543 | D:1      | Reached XP level 3. HP: 24/24 MP: 3/3
   969 | D:2      | Identified the +7 dagger of Qazlal's Wrath {holy, rElec
                  | rPois Str-2 Int-3}
  1151 | D:2      | Found a runed translucent door.
  1152 | D:2      | Noticed Crazy Yiuf
  1321 | D:2      | Reached XP level 4. HP: 27/29 MP: 4/4
  1623 | D:3      | Found a glowing drain.
  1693 | Sewer    | Entered a sewer
  1757 | Sewer    | Slain by a river rat

Illustrated notes

Levels and vault maps discovered:
D:1:      minmay_arrival_split_and_join, layout_basic,
          shapermc_ecumenical_altar_rom_forum
D:2:      layout_loops_cross, minmay_misc_feat_nine_boxes,
          uniq_crazy_yiuf_cottage
D:3:      wad_lake_hut, layout_rooms, serial_corexii_hall,
          corexii_hall_statues_i, chequers_hall_statues_y,
          ebering_ghost_sewer_d, gup_sewer_entry_glass
Sewer:    sewer_hellmonk_bad_rat

Skill      XL: |  1  2  3  4 |
---------------+-------------+-----
Fighting       | 4 |  4.3
Shields        | 4 |  4.3
Maces & Flails | 3 |  3.1
Armour         | |  3.2

Action                     |  1- 3 |  4- 6 || total
---------------------------+-------+-------++-------
  Melee: Flail             |    99 |    65 ||   164
    Use: Scroll            |       |     2 ||     2
 Armour: Scale mail        |    73 |    54 ||   127
  Dodge: Dodged            |    60 |    45 ||   105
  Block: Buckler           |    23 |    18 ||    41
